 Dungeon Crawl Stone Soup version 0.29-a0-1043-g569b05d6ff (webtiles) character file.

Game seed: 6636172749292264224

620 Plasmagod the Cleaver (level 7, -7/57 HPs)
             Began as a Minotaur Berserker on Aug 16, 2022.
             Was a Priest of Trog.
             Mangled by an ogre
             ... wielding a +0 giant club
              (25 damage)
             ... on level 5 of the Dungeon.
             The game lasted 00:06:02 (5295 turns).

Plasmagod the Cleaver (Minotaur Berserker)          Turns: 5295, Time: 00:06:02

Health: -7/57      AC:  9    Str: 24    XL:     7   Next: 22%
Magic:  6/6        EV: 12    Int:  4    God:    Trog [***...]
Gold:   324        SH:  0    Dex:  9    Spells: 6/6 levels left

rFire   . . .      SeeInvis .   s - +4 trident (freeze)
rCold   . . .      Faith    .   (no shield)
rNeg    . . .      Spirit   .   k - +0 chain mail
rPois   .          Reflect  .   (helmet restricted)
rElec   .          Harm     .   c - +0 cloak
rCorr   .          Rampage  .   (no gloves)
Will    +++..                   (no boots)
Stlth   ..........              (no amulet)
HPRegen 1.19/turn               g - +4 ring of evasion
MPRegen 0.10/turn               l - ring of willpower

@: strong-willed, regenerating
A: horns 2, retaliatory headbutt
a: Renounce Religion, Berserk, Trog's Hand


You were on level 5 of the Dungeon.
You worshipped Trog.
Trog was most pleased with you.
You visited 1 branch of the dungeon, and saw 5 of its levels.

You collected 324 gold pieces.

Inventory:

Hand Weapons
 a - a +0 hand axe
 s - a +4 trident of freezing (weapon)
Missiles
 t - a javelin (quivered)
Armour
 c - a +0 cloak (worn)
 k - a +0 chain mail (worn)
Jewellery
 g - a +4 ring of evasion (left hand)
 l - a ring of willpower (right hand)
Scrolls
 d - 6 scrolls of identify {unknown}
 e - 2 scrolls of brand weapon {unknown}
 i - a scroll of noise {unknown}
 m - a scroll of immolation {unknown}
 n - a scroll of blinking {unknown}
 p - a scroll of summoning
 q - a scroll of enchant armour {unknown}
 r - a scroll of teleportation {unknown}
 v - a scroll of poison {unknown}
 w - a scroll of fog {unknown}
Potions
 b - a potion of cancellation {unknown}
 f - 2 potions of lignification {unknown}
 h - a potion of degeneration {unknown}
 j - a potion of mutation {unknown}
 o - a potion of might {unknown}
 u - 2 potions of attraction {unknown}
 x - a potion of invisibility {unknown}


   Skills:
 - Level 3.6 Fighting
 + Level 10.1 Axes
 - Level 2.4 Armour
 - Level 2.1 Dodging


You had 6 spell levels left.
You didn't know any spells.
Your spell library was empty.

Dungeon Overview and Level Annotations

Branches:
Dungeon (5/15)             Temple (0/1) D:4

Altars:
Ashenzari
Fedhas
Gozag
Hepliaklqana
Kikubaaqudgha
Okawaru
Ru
Xom

Annotations:
D:3 3 runed translucent doors, Teewurst's ghost, amateur SpHu


Innate Abilities, Weirdness & Mutations

You have a pair of horns on your head.
You reflexively headbutt those who attack you in melee.


Message History

Found a stone staircase leading down.
You open the door.
There is an open door here.
Found a stone staircase leading down.
You now have 324 gold pieces (gained 8).
A centaur comes into view.
The centaur shouts!
The centaur wields a +0 shortbow.
The centaur shoots an arrow.
The arrow closely misses you.
Found a pair of glowing boots.
The centaur shoots an arrow.
The arrow hits you!
The centaur shoots an arrow.
The arrow hits you.
You throw a javelin.
The javelin pierces through the centaur!
The centaur is heavily wounded.
The centaur shoots an arrow.
The arrow hits you!
The centaur shoots an arrow.
The arrow hits you.
An ogre comes into view. It is wielding a +0 giant club.
The ogre shouts!
You throw a javelin.
The javelin pierces through the centaur but does no damage.
The centaur is heavily wounded.
The centaur shoots an arrow.
The arrow hits you!
The centaur shoots an arrow.
The arrow hits you.
The centaur shoots an arrow.
The arrow hits you!
* * * LOW HITPOINT WARNING * * *
Your skin crawls.
You feel strong-willed.
The centaur shoots an arrow.
The arrow hits you but does no damage.
The centaur shoots an arrow.
The arrow barely misses you.
You are too injured to fight recklessly!
Throw: 2 javelins
Press: ? - help, Q - select action, (/) - cycle Shift-Dir - straight line, f/p - centaur
Aim: a centaur, wielding a +0 shortbow (heavily wounded, 67% to hit)
You throw a javelin. The javelin barely misses the centaur.
The centaur shoots an arrow.
The arrow barely misses you.
The centaur shoots an arrow.
The arrow misses you.
You puncture the ogre! You freeze the ogre. You headbutt the ogre.
The ogre is severely wounded.
The ogre hits you with a +0 giant club!!
You die...

# ######## #######
####...##.#######......#
+...............@O.c....
####...##.#######......#
# ##.###.# ......( ###
#.# ....... #.# ......(
###.# ###...# #...# ...#
#.### ..# #.#


You could see an ogre and a centaur.

Vanquished Creatures
  A black bear (D:4)
  A phantom (D:4)
  A scorpion (D:4)
  A jelly (D:5)
  3 hounds (D:4)
  An orc priest (D:4)
  An iguana (D:4)
  Jessica (D:2)
  An orc wizard (D:4)
  Terence (D:3)
  3 adders
  A shadow imp (D:5)
  A worm (D:5)
  A dart slug (D:2)
  13 orcs
  6 ball pythons
  12 endoplasms
  2 giant cockroaches
  8 goblins
  7 hobgoblins
  7 jackals
  4 quokkas
  4 bats
  5 frilled lizards
  9 kobolds
  5 rats
100 creatures vanquished.

Vanquished Creatures (others)
  5 plants (D:3)
5 creatures vanquished.

Grand Total: 105 creatures vanquished

Notes
Turn   | Place    | Note
-------+----------+-------------------------------------------
     0 | D:1      | Plasmagod the Minotaur Berserker began the quest for the
                  | Orb.
     0 | D:1      | Reached XP level 1. HP: 19/19 MP: 0/0
    89 | D:1      | Reached skill level 4 in Axes
    95 | D:1      | Reached XP level 2. HP: 17/26 MP: 1/1
   211 | D:1      | Found a faded altar of an unknown god.
   858 | D:1      | Reached skill level 5 in Axes
   930 | D:1      | Reached ** piety under Trog
  1313 | D:2      | Reached XP level 3. HP: 31/31 MP: 2/2
  1490 | D:2      | Found a blossoming altar of Fedhas.
  2056 | D:2      | Noticed Jessica
  2061 | D:2      | Killed Jessica
  2062 | D:2      | Reached skill level 6 in Axes
  2062 | D:2      | Reached XP level 4. HP: 33/39 MP: 3/3
  2221 | D:3      | Identified the +2 robe "Dago" {Fly Str+3 Int+2}
  2235 | D:3      | Found a runed translucent gate.
  2235 | D:3      | Found a runed translucent gate.
  2244 | D:3      | Found a runed translucent gate.
  2244 | D:3      | Found an opulent altar of Gozag.
  2246 | D:3      | Noticed Teewurst's ghost (amateur SpHu)
  2727 | D:3      | Noticed Terence
  2736 | D:3      | Killed Terence
  3162 | D:3      | Found an ancient bone altar of Kikubaaqudgha.
  3201 | D:3      | Reached XP level 5. HP: 45/45 MP: 4/4
  3457 | D:4      | Found a shimmering altar of Xom.
  3474 | D:4      | Reached skill level 7 in Axes
  3515 | D:4      | Noticed a black bear
  3519 | D:4      | Killed a black bear
  3555 | D:4      | Found a staircase to the Ecumenical Temple.
  3570 | D:4      | Reached skill level 8 in Axes
  3570 | D:4      | Reached XP level 6. HP: 46/51 MP: 5/5
  3702 | D:4      | Found a sacrificial altar of Ru.
  3708 | D:4      | Reached *** piety under Trog
  3816 | D:4      | Reached skill level 9 in Axes
  4220 | D:4      | Found an iron altar of Okawaru.
  4222 | D:4      | Found a hazy altar of Hepliaklqana.
  4343 | D:4      | Reached XP level 7. HP: 54/57 MP: 6/6
  4910 | D:5      | Entered Level 5 of the Dungeon
  4912 | D:5      | Reached skill level 10 in Axes
  5082 | D:5      | Found a broken altar of Ashenzari.
  5295 | D:5      | Mangled by an ogre

Illustrated notes

Levels and vault maps discovered:
D:1:      saegor_arrival_fortress, layout_basic,
          hellmonk_ecumenical_altar_heavens_door, minmay_misc_feat_x, hex_medium
D:2:      layout_loops_corners, basic_altar, kennysheep_jessica_study
D:3:      layout_loops_corners, mainiacjoe_overflow_alcove_1,
          ebering_ghost_gozag, lexackson_kobold_supper, uniq_terence
D:4:      minmay_diamond_boxcup, layout_layer_cave,
          chequers_temple_overflow_statue_of_worship,
          nicolae_ru_great_annihilating_truth, kennysheep_little_box,
          temple_doors_e, serial_co_window_serial, co_window_paths_a,
          co_window_paths_b, co_window_paths_b, co_window_paths_b,
          co_window_corner_a, co_window_broadway_a, co_window_of_opportunity_c,
          co_window_corner_ca, co_window_broadway_b, co_window_2corner,
          glass_columns_a, glass_columns_c, glass_columns_a
D:5:      layout_loops_corners, good_gods_temple_1,
          lemuel_coloured_pillars_altar, ashenzari_altar_1

Skill      XL: |  1  2  3  4  5  6  7 |
---------------+----------------------+-----
Axes           | 4 5 6 8 9 10 | 10.1
Fighting       | |  3.6
Armour         | |  2.4
Dodging        | |  2.1

Action                   |  1- 3 |  4- 6 |  7- 9 || total
-------------------------+-------+-------+-------++-------
Melee: Hand axe          |    71 |    44 |       ||   115
       Headbutt          |     8 |    14 |     7 ||    29
       Trident           |       |    58 |    36 ||    94
       Punch             |       |     1 |       ||     1
Throw: Javelin           |       |     5 |     4 ||     9
Invok: Berserk           |       |     1 |       ||     1
       Trog's Hand       |       |       |     1 ||     1
 Stab: Paralysed         |       |     1 |       ||     1
Armor: Animal skin       |    11 |       |       ||    11
       Chain mail        |     6 |    30 |     4 ||    40
Dodge: Dodged            |    54 |    41 |    18 ||   113

Table legend: (Time is in decaauts)
 A = Elapsed time spent in this place.
 B = Non-inter-level travel time spent in this place.
 C = Inter-level travel time spent in this place.
 D = Time resting spent in this place.
 E = Time spent auto-exploring this place.
 F = Levels seen in this place.
 G = Mean time per level.
                   A        B        C        D        E       F      G
               +--------+--------+--------+--------+--------+-----+--------+
         Total |   5317 |   5195 |    122 |      0 |   4654 |   5 | 1063.4 |
       Dungeon |   5317 |   5195 |    122 |      0 |   4654 |   5 | 1063.4 |
               +--------+--------+--------+--------+--------+-----+--------+

Top non-repeatable levels by time:
     D:4: 1471 daAuts
     D:1: 1268 daAuts
     D:3: 1239 daAuts
     D:2: 951 daAuts
     D:5: 386 daAuts
